| TOP OF THE 1ST |
|
Minnesota Twins batting - Pitching for California Angels : RHP Rafael Jimenez
|
|
Pitching: RHP Rafael Jimenez
|
|
|
Batting: RHB Josh Lynn
|
0-0: Ball 1-0: Ball 2-0: Ground out 6-3 (Groundball, 56, EV 96.9 MPH)
|
|
Batting: RHB Lee Lacy
|
0-0: Called Strike 0-1: Foul Ball, location: 2F 0-2: Ball 1-2: Ball 2-2: Ball 3-2: Ground out 6-3 (Groundball, 56, EV 85.6 MPH)
|
|
Batting: RHB Matt Cooper
|
0-0: Ball 1-0: Swinging Strike 1-1: Fly out, F7 (Line Drive, 7, EV 95.0 MPH)
|
| Top of the 1st over - 0 runs, 0 hits, 0 errors, 0 left on base; Minnesota 0 - California 0 |
| BOTTOM OF THE 1ST |
|
California Angels batting - Pitching for Minnesota Twins : RHP Phil Niekro
|
|
Pitching: RHP Phil Niekro
|
|
|
Batting: LHB Ralph Garr
|
0-0: Called Strike 0-1: Ball 1-1: Swinging Strike 1-2: Ball 2-2: SOLO HOME RUN (Flyball, 7D, EV 96.9 MPH), Distance : 390 ft
|
|
Batting: LHB John Milner
|
0-0: Called Strike 0-1: Fly out, F7 (Flyball, 7S, EV 88.1 MPH)
|
|
Batting: RHB Frank White
|
0-0: Ball 1-0: Foul Ball, location: 2F 1-1: Foul Ball, location: 2F 1-2: Ball 2-2: Fly out, F8 (Flyball, 8RD, EV 81.9 MPH)
|
|
Batting: LHB Jason D Thompson
|
0-0: Ground out 6-3 (Groundball, 6, EV 85.6 MPH)
|
| Bottom of the 1st over - 1 run, 1 hit, 0 errors, 0 left on base; Minnesota 0 - California 1 |
| TOP OF THE 2ND |
|
Minnesota Twins batting - Pitching for California Angels : RHP Rafael Jimenez
|
|
Batting: RHB Randy Edwards
|
0-0: Ball 1-0: SINGLE (Line Drive, 78M, EV 99.4 MPH)
|
|
Batting: RHB Larry Hisle
|
0-0: Ball 1-0: Ball 2-0: Called Strike 2-1: 2-RUN HOME RUN (Flyball, 78XD, EV 111.3 MPH), Distance : 398 ft
|
|
Batting: RHB George Foster
|
0-0: Called Strike 0-1: Called Strike 0-2: Foul Ball, location: 2F 0-2: Fly out, F4 (Popup, 4, EV 70.0 MPH)
|
|
Batting: RHB Chet Lemon
|
0-0: Fly out, F7 (Flyball, 7S, EV 84.4 MPH)
|
|
Batting: RHB Aurelio Rodriguez
|
0-0: Fly out, F6 (Flyball, 5D, EV 88.8 MPH)
|
| Top of the 2nd over - 2 runs, 2 hits, 0 errors, 0 left on base; Minnesota 2 - California 1 |
| BOTTOM OF THE 2ND |
|
California Angels batting - Pitching for Minnesota Twins : RHP Phil Niekro
|
|
Batting: RHB Jeff Atherton
|
0-0: Ball 1-0: Swinging Strike 1-1: Called Strike 1-2: Ball 2-2: SINGLE (Groundball, 5S, EV 60.6 MPH) (infield hit)
|
|
Batting: SHB Manny Castillo
|
0-0: Ball 1-0: Ball 2-0: Fly out, F6 (Line Drive, 6, EV 73.1 MPH)
|
|
Batting: SHB Ignacio Medina
|
0-0: Ball 1-0: Fly out, F7 (Line Drive, 7, EV 96.3 MPH)
|
|
Batting: RHB Carlos Pimentel
|
0-0: Fly out, F8 (Flyball, 8RD, EV 93.1 MPH)
|
| Bottom of the 2nd over - 0 runs, 1 hit, 0 errors, 1 left on base; Minnesota 2 - California 1 |
| TOP OF THE 3RD |
|
Minnesota Twins batting - Pitching for California Angels : RHP Rafael Jimenez
|
|
Batting: LHB Ken Oberkfell
|
0-0: Called Strike 0-1: Called Strike 0-2: Foul Ball, location: 2F 0-2: Ball 1-2: Ball 2-2: Ball 3-2: Strikes out swinging
|
|
Batting: RHB Josh Lynn
|
0-0: Called Strike 0-1: Ground out 6-3 (Groundball, 6, EV 84.4 MPH)
|
|
Batting: RHB Lee Lacy
|
0-0: Called Strike 0-1: Called Strike 0-2: Ball 1-2: Ball 2-2: Strikes out swinging
|
| Top of the 3rd over - 0 runs, 0 hits, 0 errors, 0 left on base; Minnesota 2 - California 1 |
| BOTTOM OF THE 3RD |
|
California Angels batting - Pitching for Minnesota Twins : RHP Phil Niekro
|
|
Batting: RHB Mike Bishop
|
0-0: Called Strike 0-1: SOLO HOME RUN (Flyball, 7LD, EV 99.4 MPH), Distance : 364 ft
|
|
Batting: LHB Ralph Garr
|
0-0: Foul Ball, location: 2F 0-1: Fly out, F9 (Flyball, 89XD, EV 90.6 MPH)
|
|
Batting: LHB John Milner
|
0-0: Ball 1-0: Ball 2-0: Ball 3-0: Called Strike 3-1: Foul Ball, location: 2F 3-2: Ground out 5-3 (Groundball, 56, EV 85.6 MPH)
|
|
Batting: RHB Frank White
|
0-0: Called Strike 0-1: Ball 1-1: Foul Ball, location: 2F 1-2: Foul Ball, location: 2F 1-2: Ball 2-2: Ground out 6-3 (Groundball, 6, EV 77.5 MPH)
|
| Bottom of the 3rd over - 1 run, 1 hit, 0 errors, 0 left on base; Minnesota 2 - California 2 |
| TOP OF THE 4TH |
|
Minnesota Twins batting - Pitching for California Angels : RHP Rafael Jimenez
|
|
Batting: RHB Matt Cooper
|
0-0: Ball 1-0: SINGLE (Flyball, 7S, EV 86.9 MPH)
|
|
Batting: RHB Randy Edwards
|
0-0: 2-RUN HOME RUN (Flyball, 7D, EV 96.3 MPH), Distance : 392 ft
|
|
Batting: RHB Larry Hisle
|
0-0: Swinging Strike 0-1: SOLO HOME RUN (Flyball, 7LD, EV 100.6 MPH), Distance : 359 ft
|
|
Batting: RHB George Foster
|
0-0: Swinging Strike 0-1: Ball 1-1: Ball 2-1: Called Strike 2-2: SINGLE (Line Drive, 89M, EV 108.1 MPH)
|
|
Batting: RHB Chet Lemon
|
0-0: Ball 1-0: Foul Ball, location: 2F 1-1: Ball 2-1: Fielders Choice at 2nd, 5-4 (Groundball, 56, EV 91.9 MPH)
|
|
Batting: RHB Aurelio Rodriguez
|
0-0: Ball 1-0: Ball 2-0: Foul Ball, location: 2F 2-1: Foul Ball, location: 2F 2-2: Foul Ball, location: 2F 2-2: Grounds into double play, 5-4-3 (Groundball, 56, EV 103.1 MPH)
|
| Top of the 4th over - 3 runs, 4 hits, 0 errors, 0 left on base; Minnesota 5 - California 2 |
| BOTTOM OF THE 4TH |
|
California Angels batting - Pitching for Minnesota Twins : RHP Phil Niekro
|
|
Batting: LHB Jason D Thompson
|
0-0: Ball 1-0: Called Strike 1-1: Foul Ball, location: 2F 1-2: Ball 2-2: Ball 3-2: Hit by Pitch
|
|
Batting: RHB Jeff Atherton
|
0-0: SINGLE (Groundball, 6MD, EV 101.9 MPH) Jason D Thompson to second Runner from 2nd tries for 3rd, SAFE, throw by CF made to third
|
|
Batting: SHB Manny Castillo
|
0-0: Called Strike 0-1: Ball 1-1: Fielders Choice at 2nd, 4-6 (Groundball, 4, EV 83.1 MPH) Jason D Thompson scores
|
|
Batting: SHB Ignacio Medina
|
0-0: Foul Ball, location: 2F 0-1: Foul Ball, location: 2F 0-2: Ball 1-2: Foul Ball, location: 2F 1-2: Fielders Choice at 2nd, U6 (Groundball, 4MD, EV 102.5 MPH)
|
|
Batting: RHB Carlos Pimentel
|
0-0: Ball 1-0: SINGLE (Groundball, 56S, EV 68.1 MPH) (infield hit) Ignacio Medina to second
|
|
Batting: RHB Mike Bishop
|
0-0: Foul Ball, location: 2F 0-1: Ball 1-1: Called Strike 1-2: Fly out, F8 (Flyball, 8LM, EV 96.9 MPH)
|
| Bottom of the 4th over - 1 run, 2 hits, 0 errors, 2 left on base; Minnesota 5 - California 3 |
| TOP OF THE 5TH |
|
Minnesota Twins batting - Pitching for California Angels : RHP Rafael Jimenez
|
|
Batting: LHB Ken Oberkfell
|
0-0: Called Strike 0-1: Swinging Strike 0-2: Ball 1-2: Ground out 6-3 (Groundball, 6S, EV 82.5 MPH)
|
|
Batting: RHB Josh Lynn
|
0-0: Ball 1-0: Ball 2-0: Fly out, F8 (Flyball, 8LD, EV 100.6 MPH)
|
|
Batting: RHB Lee Lacy
|
0-0: SINGLE (Groundball, 56D, EV 103.8 MPH) (infield hit)
|
|
Batting: RHB Matt Cooper
|
0-0: Ball 1-0: Called Strike 1-1: Fielders Choice at 2nd, 6-4 (Groundball, 6, EV 85.0 MPH)
|
| Top of the 5th over - 0 runs, 1 hit, 0 errors, 1 left on base; Minnesota 5 - California 3 |
| BOTTOM OF THE 5TH |
|
California Angels batting - Pitching for Minnesota Twins : RHP Phil Niekro
|
|
Batting: LHB Ralph Garr
|
0-0: Called Strike 0-1: Called Strike 0-2: Ground out 6-3 (Groundball, 56, EV 87.5 MPH)
|
|
Batting: LHB John Milner
|
0-0: Ground out 5-3 (Groundball, 5, EV 81.3 MPH)
|
|
Batting: RHB Frank White
|
0-0: Foul Ball, location: 2F 0-1: Fly out, F7 (Flyball, 7S, EV 93.8 MPH)
|
| Bottom of the 5th over - 0 runs, 0 hits, 0 errors, 0 left on base; Minnesota 5 - California 3 |
| TOP OF THE 6TH |
|
Minnesota Twins batting - Pitching for California Angels : RHP Rafael Jimenez
|
|
Batting: RHB Randy Edwards
|
0-0: Called Strike 0-1: Ball 1-1: Ball 2-1: Called Strike 2-2: Ball 3-2: Foul Ball, location: 2F 3-2: Base on Balls
|
|
Batting: RHB Larry Hisle
|
0-0: Foul Ball, location: 2F 0-1: Ball 1-1: Foul Ball, location: 2F 1-2: Strikes out swinging
|
|
Batting: RHB George Foster
|
0-0: Ball 1-0: 2-RUN HOME RUN (Flyball, 7D, EV 108.8 MPH), Distance : 392 ft
|
|
Pitching: RHP John Butcher
|
|
|
Batting: RHB Chet Lemon
|
0-0: Ball 1-0: Foul Ball, location: 2F 1-1: Swinging Strike 1-2: Foul Ball, location: 2F 1-2: Ball 2-2: Ball 3-2: Foul Ball, location: 2F 3-2: Base on Balls
|
|
Batting: RHB Aurelio Rodriguez
|
0-0: SINGLE (Groundball, 6MD, EV 100.6 MPH) Chet Lemon to second Runner from 2nd tries for 3rd, SAFE, throw by CF made to third
|
|
Batting: LHB Ken Oberkfell
|
0-0: Fly out, F5 (Popup, 56, EV 64.4 MPH)
|
|
Batting: RHB Josh Lynn
|
0-0: Called Strike 0-1: Ball 1-1: Ball 2-1: Fly out, F8 (Flyball, 8LS, EV 78.8 MPH)
|
| Top of the 6th over - 2 runs, 2 hits, 0 errors, 2 left on base; Minnesota 7 - California 3 |
| BOTTOM OF THE 6TH |
|
California Angels batting - Pitching for Minnesota Twins : RHP Phil Niekro
|
|
Batting: LHB Jason D Thompson
|
0-0: Ball 1-0: Called Strike 1-1: Foul Ball, location: 2F 1-2: Ball 2-2: SINGLE (Line Drive, 56D, EV 95.0 MPH)
|
|
Batting: RHB Jeff Atherton
|
0-0: Foul Ball, location: 2F 0-1: Grounds into double play, 6-4-3 (Groundball, 6, EV 103.1 MPH)
|
|
Batting: SHB Manny Castillo
|
0-0: Called Strike 0-1: Swinging Strike 0-2: Ball 1-2: Strikes out swinging
|
| Bottom of the 6th over - 0 runs, 1 hit, 0 errors, 0 left on base; Minnesota 7 - California 3 |
| TOP OF THE 7TH |
|
Minnesota Twins batting - Pitching for California Angels : RHP John Butcher
|
|
Batting: RHB Lee Lacy
|
0-0: Called Strike 0-1: DOUBLE (Line Drive, 7LM, EV 107.5 MPH)
|
|
Batting: RHB Matt Cooper
|
0-0: Ball 1-0: Foul Ball, location: 2F 1-1: DOUBLE (Line Drive, 5D, EV 96.3 MPH) Lee Lacy scores
|
|
Batting: RHB Randy Edwards
|
0-0: Ball 1-0: Ground out 4-3 (Groundball, 4, EV 88.1 MPH) Matt Cooper to third
|
|
Batting: RHB Larry Hisle
|
0-0: Ground out 5-3 (Groundball, 5L, EV 78.1 MPH)
|
|
Batting: RHB George Foster
|
0-0: Ball 1-0: Swinging Strike 1-1: Ground out 6-3 (Groundball, 6, EV 107.5 MPH)
|
| Top of the 7th over - 1 run, 2 hits, 0 errors, 1 left on base; Minnesota 8 - California 3 |
| BOTTOM OF THE 7TH |
|
California Angels batting - Pitching for Minnesota Twins : RHP Phil Niekro
|
|
Batting: SHB Ignacio Medina
|
0-0: Ball 1-0: Fly out, F8 (Line Drive, 8RD, EV 90.0 MPH)
|
|
Batting: RHB Carlos Pimentel
|
0-0: Ground out 6-3 (Groundball, 6, EV 84.4 MPH)
|
|
Batting: RHB Mike Bishop
|
0-0: Foul Ball, location: 2F 0-1: Ball 1-1: Ball 2-1: Foul Ball, location: 2F 2-2: Strikes out swinging
|
| Bottom of the 7th over - 0 runs, 0 hits, 0 errors, 0 left on base; Minnesota 8 - California 3 |
| TOP OF THE 8TH |
|
Minnesota Twins batting - Pitching for California Angels : RHP John Butcher
|
|
Batting: RHB Chet Lemon
|
0-0: Fly out, F8 (Flyball, 8LS, EV 86.9 MPH)
|
|
Batting: RHB Aurelio Rodriguez
|
0-0: Ground out 5-3 (Groundball, 56, EV 86.9 MPH)
|
|
Batting: LHB Ken Oberkfell
|
0-0: Ball 1-0: Fly out, F6 (Popup, 6MD, EV 55.0 MPH)
|
| Top of the 8th over - 0 runs, 0 hits, 0 errors, 0 left on base; Minnesota 8 - California 3 |
| BOTTOM OF THE 8TH |
|
California Angels batting - Pitching for Minnesota Twins : RHP Phil Niekro
|
|
Batting: LHB Ralph Garr
|
0-0: Called Strike 0-1: Ball 1-1: Ball 2-1: SINGLE (Line Drive, 7S, EV 93.1 MPH)
|
|
Batting: LHB John Milner
|
0-0: Ball 1-0: Ball 2-0: Called Strike 2-1: Fielders Choice at 2nd, 4-6 (Groundball, 4M, EV 87.5 MPH)
|
|
Batting: RHB Frank White
|
0-0: Ball 1-0: Grounds into double play, 5-4-3 (Groundball, 5, EV 102.5 MPH)
|
| Bottom of the 8th over - 0 runs, 1 hit, 0 errors, 0 left on base; Minnesota 8 - California 3 |
| TOP OF THE 9TH |
|
Minnesota Twins batting - Pitching for California Angels : RHP John Butcher
|
|
Batting: RHB Josh Lynn
|
0-0: Foul Ball, location: 2F 0-1: Fly out, F8 (Line Drive, 8LD, EV 93.8 MPH)
|
|
Batting: RHB Lee Lacy
|
0-0: Ball 1-0: Ball 2-0: Foul Ball, location: 2F 2-1: Fly out, F9 (Flyball, 9, EV 80.6 MPH)
|
|
Batting: RHB Matt Cooper
|
0-0: Called Strike 0-1: Called Strike 0-2: Ball 1-2: Ground out 6-3 (Groundball, 6, EV 91.3 MPH)
|
| Top of the 9th over - 0 runs, 0 hits, 0 errors, 0 left on base; Minnesota 8 - California 3 |
| BOTTOM OF THE 9TH |
|
California Angels batting - Pitching for Minnesota Twins : RHP Phil Niekro
|
|
Batting: LHB Jason D Thompson
|
0-0: Ball 1-0: Ball 2-0: Ball 3-0: Base on Balls
|
|
Pitching: RHP Mark Fidrych
|
|
|
Batting: RHB Jeff Atherton
|
0-0: Ball 1-0: Ball 2-0: Ball 3-0: Base on Balls Jason D Thompson to second
|
|
Batting: SHB Manny Castillo
|
0-0: Ball 1-0: Ball 2-0: DOUBLE (Line Drive, 9LM, EV 106.9 MPH) Jason D Thompson scores Jeff Atherton to third
|
|
Batting: SHB Ignacio Medina
|
0-0: Called Strike 0-1: SINGLE (Groundball, 34D, EV 99.4 MPH) Jeff Atherton scores Manny Castillo to third
|
|
Pinch Hitting: LHB Brian Rosinski
|
0-0: Swinging Strike 0-1: Ball 1-1: Fly out, F8 (Flyball, 8LD, EV 95.6 MPH) Runner from 3rd tags up, SCORES, no throw by CF
|
|
Batting: RHB Mike Bishop
|
0-0: Called Strike 0-1: Ball 1-1: 2-RUN HOME RUN (Line Drive, 7D, EV 106.9 MPH), Distance : 393 ft
|
|
Pitching: RHP Stephen Fuller
|
|
|
Batting: LHB Ralph Garr
|
0-0: Foul Ball, location: 2F 0-1: Ball 1-1: Ball 2-1: Ball 3-1: Swinging Strike 3-2: Foul Ball, location: 2F 3-2: Foul Ball, location: 2F 3-2: Strikes out swinging
|
|
Batting: LHB John Milner
|
0-0: Called Strike 0-1: Foul Ball, location: 2F 0-2: Ball 1-2: Ball 2-2: Foul Ball, location: 2F 2-2: SOLO HOME RUN (Flyball, 9D, EV 89.4 MPH), Distance : 395 ft
|
| Bottom of the 9th over - 6 runs, 4 hits, 0 errors, 0 left on base; Minnesota 8 - California 9 |
|